 Dungeon Crawl Stone Soup version 0.29.0-4-gdea44cf6ec (webtiles) character file.

Game seed: 12723443489884885128

16 qw the Chopper (level 2, 0/17 HPs)
             Began as a Tengu Warper on Aug 28, 2022.
             Constricted to death by Sigmund (2 damage)
             ... on level 2 of the Dungeon.
             The game lasted 00:00:03 (549 turns).

qw the Chopper (Tengu Warper)                        Turns: 549, Time: 00:00:04

Health: 0/17       AC:  3    Str: 11    XL:     2   Next: 58%
Magic:  6/6        EV:  8    Int: 13    God:
Gold:   71         SH:  0    Dex: 13    Spells: 5/5 levels left

rFire   . . .      SeeInvis .   a - +0 hand axe
rCold   . . .      Faith    .   (no shield)
rNeg    . . .      Spirit   .   b - +0 leather armour
rPois   .          Reflect  .   (helmet restricted)
rElec   .          Harm     .   (no cloak)
rCorr   .          Rampage  .   (no gloves)
Will    .....                   (boots unavailable)
Stlth   +.........              (no amulet)
HPRegen 0.05/turn               (no ring)
MPRegen 0.10/turn               (no ring)

@: lethally poisoned (0 -> -5), grasped by roots, constricted
A: beak, talons 3
a: no special abilities


You were on level 2 of the Dungeon.
You visited 1 branch of the dungeon, and saw 2 of its levels.

You collected 71 gold pieces.


Innate Abilities, Weirdness & Mutations

You have a beak for a mouth.
You have claws for feet.


   Skills:
 - Level 2.0 Fighting
 + Level 3.4 Axes
 - Level 1.0 Throwing
 - Level 1.1 Armour
 - Level 2.1 Dodging
 - Level 2.0 Spellcasting
 - Level 2.4 Translocations


You had 5 spell levels left.
You didn't know any spells.
Your spell library contained the following spells:

 Spells                   Type           Power      Damage    Failure   Level
 Blink                    Tloc           14%        N/A       19%         2
 Gell's Gravitas          Tloc           7%         N/A       36%         3
 Lesser Beckoning         Tloc           7%         N/A       36%         3
 Teleport Other           Tloc           7%         N/A       36%         3
 Manifold Assault         Tloc           7%         N/A       98%         5

Inventory:

Hand Weapons
 a - a +0 hand axe (weapon)
 h - a +0 club
Armour
 b - a +0 leather armour (worn)
 e - a +0 ring mail
 g - a +2 leather armour of cold resistance
 k - a +0 chain mail
Jewellery
 l - a ring of see invisible
Scrolls
 c - a scroll of blinking
 d - 3 scrolls of identify {unknown}
 i - a scroll of amnesia {unknown}
Potions
 f - a potion of attraction {unknown}
 j - a potion of curing {unknown}

Dungeon Overview and Level Annotations

Branches:
Dungeon (1/15)

Altars:

Annotations:
D:2 Sigmund


Message History

The quokka is lightly wounded.
The quokka bites you but does no damage.
You closely miss the quokka.
The quokka is lightly wounded.
The quokka closely misses you. The quokka barely misses you.
You miss the quokka. Your kick misses the quokka.
The quokka is lightly wounded.
The quokka barely misses you.
You barely miss the quokka.
The quokka is lightly wounded.
The quokka bites you but does no damage.
The quokka closely misses you.
You hit the quokka.
You kill the quokka!
Sigmund the Dreaded comes into view.
He is wielding a +4 scythe of venom and carrying a wand of roots (8).
Sigmund shouts!
539 ||| Stepping ~*~*~tactically~*~*~ (hiding).
You start waiting.
Sigmund is nearby!
Sigmund casts a spell at you. You resist with significant effort.
You hit Sigmund. You peck Sigmund, but do no damage.
Sigmund is lightly wounded.
Sigmund closely misses you.
You hit Sigmund. You claw Sigmund, but do no damage. Your peck misses Sigmund.
Sigmund is moderately wounded.
Sigmund hits you with a +4 scythe of venom!
You closely miss Sigmund.
Sigmund is moderately wounded.
Sigmund hits you with a +4 scythe of venom.
You are lethally poisoned!
You hit Sigmund. You peck Sigmund.
Sigmund is heavily wounded.
You feel sick.
You closely miss Sigmund. You claw Sigmund. You peck Sigmund.
Sigmund is severely wounded.
You feel sick.
Sigmund zaps a wand.
The roots erupt in riotous growth!
The grasping roots grab you!
Sigmund is unaffected.
The grasping roots constrict you.
You die...

.#...####..####.###
.#.#..###......... .#
.#.##.......###.## .#
.#.######...#....#..#
............#.#..#..#
.#.#######.......#..###
.#.# ####.#.........#
##.# #........#.....#
##.### #.......>@@....#
.....# #........#.....#
###### #........#.....#
#....(...#.....#
#........#.....#
#........#.....#
####.#+###.....# #.
.....# #.


You could see Sigmund.

Vanquished Creatures
  A bat (D:2)
  2 endoplasms (D:2)
  A giant cockroach (D:2)
  A goblin (D:2)
  4 hobgoblins (D:2)
  A quokka (D:2)
  2 ball pythons (D:2)
  2 frilled lizards (D:2)
14 creatures vanquished.

Notes
Turn   | Place    | Note
-------+----------+-------------------------------------------
     0 | D:1      | qw the Tengu Warper began the quest for the Orb.
     0 | D:1      | Reached XP level 1. HP: 12/12 MP: 4/4
     0 | D:1      | 0 ||| qw: Version: 0.1-a-89-g26bdef1
     0 | D:1      | 0 ||| qw: Game counter: 3202
     0 | D:1      | 0 ||| qw: Always use a shield: true
     0 | D:1      | 0 ||| qw: God list: Okawaru
     0 | D:1      | 0 ||| qw: Allow faded altars: false
     0 | D:1      | 0 ||| qw: Do Orc after D:15 true
     0 | D:1      | 0 ||| qw: Do second Lair branch before Depths: true
     0 | D:1      | 0 ||| qw: Lair rune preference: random
     0 | D:1      | 0 ||| qw: Plans: Normal
     0 | D:1      | 0 ||| PLANNING D:1-11
    36 | D:1      | You fall into a shaft and drop 1 floor!
    99 | D:2      | Found a faded altar of an unknown god.
   168 | D:2      | Reached XP level 2. HP: 15/17 MP: 6/6
   217 | D:2      | 217 ||| Stepping ~*~*~tactically~*~*~ (stealth).
   226 | D:2      | Reached skill level 3 in Axes
   538 | D:2      | Noticed Sigmund
   539 | D:2      | 539 ||| Stepping ~*~*~tactically~*~*~ (hiding).
   548 | D:2      | HP: 4/17 [poisoned by Sigmund]
   549 | D:2      | Constricted to death by Sigmund

Levels and vault maps discovered:
D:1:      lightli_arrival_windingriver, layout_basic
D:2:      layout_basic, hellmonk_ecumenical_altar_heavens_door, uniq_sigmund

Skill      XL: |  1  2 |
---------------+-------+-----
Axes           | 3 |  3.4
Fighting       | |  2.0
Throwing       | |  1.0
Armour         | |  1.1
Dodging        | |  2.1
Spellcasting   | |  2.0
Translocations | |  2.4

Action                   || total
-------------------------++-------
Melee: Hand axe          ||    32
       Kick              ||     9
       Peck              ||     7
Throw: Boomerang         ||     7
Armor: Leather armour    ||     9
Dodge: Dodged            ||    15

Table legend:
 A = Non-vault XP
 B = Vault XP
 C = Vault XP percentage of total XP
 D = Non-vault monster count
 E = Vault monster count
 F = Vault count percentage of total count
                 A         B        C        D         E       F
            +---------+---------+-------+---------+---------+-------
      Total |      24 |       0 |   0.0 |      14 |       0 |   0.0
            +---------+---------+-------+---------+---------+-------
        D:2 |      24 |       0 |   0.0 |      14 |       0 |   0.0
            +---------+---------+-------+---------+---------+-------
